 Dungeon Crawl Stone Soup version 0.23.1-37-gaa34b87b72 (webtiles) character file.

Game seed: 17124540223199646494

1104 PentaManta the Fighter (level 8, -2/102 HPs)
             Began as a Merfolk Berserker on Mar 26, 2019.
             Was an Elder of Trog.
             Killed by divine providence
             ... invoked by an orc priest
              (12 damage)
             ... on level 6 of the Dungeon.
             The game lasted 00:10:27 (5318 turns).

PentaManta the Fighter (Merfolk Berserker)          Turns: 5318, Time: 00:10:29

Health: -2/102     AC:  7    Str: 24    XL:     8   Next: 32%
Magic:  8/8        EV: 15    Int:  6    God:    Trog [****..]
Gold:   297        SH:  0    Dex: 14    Spells: 7/7 levels left

rFire    . . .     SeeInvis .   a - +1 spear
rCold    . . .     Gourm    +   (no shield)
rNeg     . . .     Faith    .   f - +0 ring mail
rPois    .         Spirit   .   (no helmet)
rElec    .         Reflect  .   p - +1 cloak
rCorr    .         Harm     .   (no gloves)
MR       ++...                  (no boots)
Stlth    ..........             l - amulet of the gourmand
HPRegen  1.27/turn              (no ring)
MPRegen  0.11/turn              (no ring)

@: berserking, lethally poisoned (-2 -> -2), regenerating, very quick
A: change form in water, swift swim, stealthy swim
a: Berserk, Trog's Hand, Brothers in Arms, Renounce Religion


You were on level 6 of the Dungeon.
You worshipped Trog.
Trog was greatly pleased with you.
You were near starving.

You visited 1 branch of the dungeon, and saw 6 of its levels.
You also visited: Ossuary.

You collected 297 gold pieces.

Inventory:

Hand Weapons
 a - a +1 spear (weapon)
Missiles
 r - 14 stones (quivered)
Armour
 f - a +0 ring mail (worn)
 p - a +1 cloak (worn)
Jewellery
 l - an amulet of the gourmand (around neck)
Wands
 k - a wand of flame (19)
 q - a wand of scattershot (4)
Scrolls
 b - 4 scrolls of teleportation
 g - a scroll of remove curse
 h - a scroll of enchant weapon
 n - a scroll of fog {unknown}
 u - a scroll of identify
Potions
 d - 3 potions of lignification
 e - a potion of haste {unknown}
 i - 2 potions of heal wounds
 j - a potion of might {unknown}
 m - a potion of flight {unknown}
 o - a potion of berserk rage {unknown}
 s - 4 potions of curing {unknown}
 t - a potion of cancellation {unknown}
 v - 2 potions of agility {unknown}
Comestibles
 c - 4 rations


   Skills:
 * Level 8.2 Fighting
 + Level 8.1 Polearms
 - Level 1.3 Armour
 + Level 6.7 Dodging


You had 7 spell levels left.
You didn't know any spells.
Your spell library was empty.

Dungeon Overview and Level Annotations

Branches:
Dungeon (6/15)
 Temple: D:4-7

Altars:
Wu Jian

Shops:
D:5 %


Message History

* * * LOW HITPOINT WARNING * * *
The orc warrior hits you with a +0 short sword!
* * * LOW HITPOINT WARNING * * *
The orc hits you.
* * * LOW HITPOINT WARNING * * *
Attack whom?
Press: ? - help, Dir - move target cursor, f/p - orc priest
Aim: an orc priest, wielding a +0 mace You reach to attack!
You closely miss the orc priest.
You feel sick. The orc barely misses you.
Attack whom?
Press: ? - help, Dir - move target cursor, f/p - orc priest
Aim: an orc priest, wielding a +0 mace You reach to attack!
You puncture the orc priest!
The orc priest is heavily wounded.
The centaur zombie closely misses you. The orc completely misses you.
The orc warrior hits you but does no damage.
The orc priest calls down the wrath of Beogh upon you.
Beogh smites you!
You die...

#..... ...... ......
#...... ##.......
##........
##ooo......
##..@Zo.....
##..(#o......
##.((###......
##..(## ......
##...## .....
..##...### .....
.).#......#####.....
...............#....
####.............


You could see an orc warrior, an orc priest, 3 orcs and a centaur zombie.

Vanquished Creatures
  A sky beast (D:5)
  An ogre (D:5)
  2 elf zombies (Ossuary)
  A bullfrog (D:5)
  A crimson imp (D:5)
  A bullfrog zombie (D:6)
  2 centaur zombies
  2 bullfrog skeletons (D:3)
  3 orc priests
  2 orc wizards (D:3)
  5 worker ants
  A big kobold zombie (Ossuary)
  2 mummies (Ossuary)
  A hound skeleton (D:4)
  A worker ant zombie (D:6)
  3 gnolls (D:5)
  6 adders
  2 oozes (D:1)
  An adder zombie (D:4)
  2 worms
  4 dart slugs
  8 orcs
  3 ball pythons
  4 giant cockroaches
  11 goblins
  3 hobgoblins
  6 jackals
  2 quokkas
  8 bats
  4 frilled lizards
  A goblin zombie (Ossuary)
  6 hobgoblin zombies (Ossuary)
  3 jackal zombies (Ossuary)
  7 kobolds
  14 kobold zombies (Ossuary)
  7 orc zombies (Ossuary)
  A quokka skeleton (D:4)
  7 rats
  2 rat zombies (Ossuary)
141 creatures vanquished.

Vanquished Creatures (others)
  A goblin (D:3)
1 creature vanquished.

Grand Total: 142 creatures vanquished

Notes
Turn   | Place    | Note
-------+----------+-------------------------------------------
     0 | D:1      | PentaManta the Merfolk Berserker began the quest for the
                  | Orb.
     0 | D:1      | Reached XP level 1. HP: 18/18 MP: 1/1
    39 | D:1      | Reached XP level 2. HP: 24/24 MP: 2/2
   410 | D:1      | Reached XP level 3. HP: 26/30 MP: 3/3
   927 | D:2      | Reached ** piety under Trog
   927 | D:2      | Reached skill level 5 in Polearms
  1128 | D:2      | Reached XP level 4. HP: 34/38 MP: 4/4
  2259 | D:3      | Found an ornate altar of the Wu Jian Council.
  2266 | D:3      | Reached skill level 5 in Fighting
  2266 | D:3      | Reached XP level 5. HP: 37/44 MP: 5/5
  2276 | D:3      | Reached *** piety under Trog
  2539 | D:3      | Reached XP level 6. HP: 43/52 MP: 6/6
  3279 | D:4      | Reached skill level 5 in Dodging
  3783 | D:5      | Entered Level 5 of the Dungeon
  3836 | D:5      | Found Doacuot's Food Boutique.
  3902 | D:5      | Found a sand-covered staircase.
  3910 | Ossuary  | Entered an ossuary
  4087 | Ossuary  | Reached XP level 7. HP: 56/59 MP: 7/7
  4154 | Ossuary  | Reached **** piety under Trog
  4642 | D:5      | Reached XP level 8. HP: 45/67 MP: 8/8
  5318 | D:6      | Killed from afar by an orc priest

Skill      XL: |  1  2  3  4  5  6  7  8 |
---------------+-------------------------+-----
Dodging        | 3 4 5 6 |  6.7
Fighting       | 4 5 6 7 8 |  8.2
Polearms       | 5 6 7 8 |  8.1
Armour         | |  1.3

Action                   |  1- 3 |  4- 6 |  7- 9 || total
-------------------------+-------+-------+-------++-------
Melee: Spear             |   144 |   334 |   276 ||   754
Invok: Berserk           |       |     2 |     3 ||     5
       Trog's Hand       |       |     1 |     2 ||     3
  Use: Scroll            |       |     7 |     3 ||    10
 Stab: Sleeping          |     2 |       |       ||     2
  Eat: Chunk             |       |    11 |     4 ||    15
       Ration            |       |     1 |     1 ||     2
Armor: Ring mail         |    24 |    87 |    47 ||   158
       Animal skin       |     1 |       |       ||     1
Dodge: Dodged            |    61 |   159 |   112 ||   332
